 Dungeon Crawl Stone Soup version 0.29.1-2-gbd0b4ee654 (webtiles) character file.

Game seed: 9590031384821624979

1750 GorkyZ the Covered (level 9, -2/69 HPs)
             Began as a Formicid Fighter on Nov 21, 2022.
             Killed by nerve-wracking pain
             ... invoked by Menkaure
              (9 damage)
             ... on level 6 of the Dungeon.
             The game lasted 00:20:25 (7502 turns).

GorkyZ the Covered (Formicid Fighter)               Turns: 7502, Time: 00:20:27

Health: -2/69      AC: 13    Str: 24    XL:     9   Next: 27%
Magic:  9/9        EV:  6    Int:  9    God:
Gold:   350        SH: 10    Dex: 13    Spells: 8/8 levels left

rFire   + . .      SeeInvis +   a - +0 trident
rCold   . . .      Faith    .   B - +0 kite shield
rNeg    . . .      Spirit   .   w - +0 plate armour
rPois   .          Reflect  .   (helmet unavailable)
rElec   .          Harm     .   (no cloak)
rCorr   .          Rampage  .   (no gloves)
Will    .....                   (no boots)
Stlth   ..........              (no amulet)
HPRegen 0.21/turn               t - ring of protection from fire
MPRegen 0.11/turn               (no ring)

@: no status effects
A: permanent stasis, dig shafts and tunnels, antennae 3, four strong arms
a: Dig, Shaft Self


You were on level 6 of the Dungeon.
You visited 1 branch of the dungeon, and saw 6 of its levels.
You also visited: Sewer.

You collected 350 gold pieces.

Inventory:

Hand Weapons
 a - a +0 trident (weapon)
 g - a +0 hand axe
 F - a +0 giant spiked club
 G - a +0 war axe
 J - a +2 mace
Missiles
 e - 41 poisoned darts (quivered)
 A - a curare-tipped dart
Armour
 b - a +0 scale mail
 c - a +0 buckler
 j - an orb of light
 w - a +0 plate armour (worn)
 B - a +0 kite shield (worn)
Jewellery
 t - a ring of protection from fire (left hand)
Wands
 I - a wand of quicksilver (12)
Scrolls
 h - 2 scrolls of magic mapping {unknown}
 i - 7 scrolls of identify {unknown}
 n - a scroll of fog {unknown}
 o - 5 scrolls of vulnerability {unknown}
 p - a scroll of amnesia {unknown}
 r - a scroll of blinking {unknown}
 u - 3 scrolls of silence {unknown}
 v - 3 scrolls of fear {unknown}
 y - a scroll of noise {unknown}
 C - a scroll of poison {unknown}
 H - a scroll of teleportation {unknown}
Potions
 d - a potion of might
 f - 7 potions of curing {unknown}
 k - 4 potions of heal wounds {unknown}
 l - a potion of lignification {unknown}
 m - a potion of haste {unknown}
 q - a potion of attraction {unknown}
 s - 3 potions of flight {unknown}
 x - a potion of cancellation {unknown}
 z - 2 potions of mutation {unknown}
 D - a potion of brilliance {unknown}
 E - a potion of invisibility {unknown}


   Skills:
 + Level 6.0 Fighting
 + Level 4.8 Polearms
 + Level 3.4 Throwing
 * Level 7.3 Armour
 + Level 2.1 Dodging
 + Level 7.2 Shields
 + Level 2.7 Evocations


You had 8 spell levels left.
You didn't know any spells.
Your spell library contained the following spells:

 Spells                   Type           Power      Damage    Failure   Level
 Magic Dart               Conj           0%         1d3       100%        1
 Necrotise                Necr           0%         1d4       100%        1
 Searing Ray              Conj           0%         2d4       100%        2
 Vampiric Draining        Necr           0%         2d6       100%        3
 Fulminant Prism          Conj/Hex       0%         3d6       100%        4
 Agony                    Necr           0%         N/A       100%        5


Dungeon Overview and Level Annotations

Branches:
Dungeon (6/15)              Sewer (visited)
 Temple: D:4-7

Altars:
Ru
Uskayaw
Wu Jian

Annotations:
D:6 Menkaure


Innate Abilities, Weirdness & Mutations

You cannot be hasted, slowed, berserked, paralysed or teleported.
You can dig through walls and to a lower floor.
You have a pair of large antennae on your head. (SInv)
Your four strong arms can wield two-handed weapons with a shield.


Message History

The orc priest looks satisfied for a moment.
You barely miss the orc priest.
The orc priest hits you with a +0 dagger.
The orc priest looks braver for a moment.
You are too injured to fight recklessly!
You are too injured to fight recklessly!
You are too injured to fight recklessly!
You are too injured to fight recklessly!
You puncture the orc priest!
The orc priest is severely wounded.
The orc priest invokes the aid of Beogh against you.
You resist with significant effort.
The orc priest hits you with a +0 dagger.
You barely miss the orc priest.
The orc priest is severely wounded.
The orc priest hits you with a +0 dagger.
You hit the orc priest.
You kill the orc priest!
You puncture the orc!
You kill the orc!
You puncture the orc priest!
The orc priest is heavily wounded.
You block the orc priest's attack.
The orc priest calls down the wrath of Beogh upon you.
Beogh smites you!
You hit the orc priest.
The orc priest is almost dead.
The orc priest invokes the aid of Beogh against you.
You resist with significant effort.
You closely miss the orc priest.
The orc priest is almost dead.
The orc priest invokes the aid of Beogh against you.
Beogh smites you!
* * * LOW HITPOINT WARNING * * *
You puncture the orc priest!
You kill the orc priest!
Menkaure whispers, "It doesn't hurt if you pull your brain out of your nose yourself."
Menkaure points at you and mumbles some strange words.
Pain shoots through your body!
You die...

#. #.. ##.# .#.# ..#
..# #M# #)# { #@#
##'######
##.......########
#...............#
#.....###+##'##+###
#.....#.....#.....#
#.....#.....#.....##
#.....'##'##'##'##'.
#....[#..#.....#..#.


You could see Menkaure (fast).

Vanquished Creatures
  Grinder (D:6)
  Prince Ribbit (D:6)
  A water moccasin (D:6)
  An ice beast (D:5)
  An ogre (D:6)
  A phantom (D:5)
  4 kobold brigands (Sewer)
  A scorpion (D:5)
  3 wights (D:6)
  A howler monkey (D:5)
  3 hounds
  A jelly (D:5)
  4 orc priests (D:6)
  An iguana (D:5)
  2 orc wizards
  9 adders
  A shadow imp (D:5)
  10 worms
  2 dart slugs
  9 orcs
  7 ball pythons
  7 endoplasms
  3 giant cockroaches
  8 goblins
  3 hobgoblins
  4 jackals (D:4)
  9 quokkas
  2 frilled lizards (D:2)
  14 kobolds
  8 rats
122 creatures vanquished.

Notes
Turn   | Place    | Note
-------+----------+-------------------------------------------
     0 | D:1      | GorkyZ the Formicid Fighter began the quest for the Orb.
     0 | D:1      | Reached XP level 1. HP: 18/18 MP: 1/1
   586 | D:1      | Reached XP level 2. HP: 24/24 MP: 2/2
   615 | D:1      | Found a faded altar of an unknown god.
  1099 | D:2      | Reached XP level 3. HP: 29/29 MP: 3/3
  1262 | D:2      | Identified the +5 short sword of the Eight Moons {vorpal,
                  | Fragile rF++ Dex+5}
  2017 | D:3      | Reached XP level 4. HP: 37/37 MP: 4/4
  2735 | D:4      | Reached skill level 5 in Shields
  2735 | D:4      | Reached XP level 5. HP: 42/42 MP: 5/5
  3269 | D:4      | Found a hide-covered altar of Uskayaw.
  3279 | D:4      | Found a sacrificial altar of Ru.
  3483 | D:5      | Entered Level 5 of the Dungeon
  3489 | D:5      | Reached XP level 6. HP: 45/49 MP: 6/6
  3498 | D:5      | Reached skill level 1 in Throwing
  3811 | D:5      | Found a glowing drain.
  3827 | Sewer    | Entered a sewer
  3982 | Sewer    | Reached skill level 5 in Armour
  3982 | Sewer    | Reached XP level 7. HP: 55/55 MP: 7/7
  4344 | Sewer    | Reached skill level 5 in Fighting
  5323 | D:5      | Reached XP level 8. HP: 55/62 MP: 8/8
  5917 | D:5      | Reached skill level 1 in Evocations
  6144 | D:6      | Reached skill level 1 in Dodging
  6151 | D:6      | HP: 1/62 [ogre/+0 giant spiked club (5)]
  6639 | D:6      | Noticed Prince Ribbit
  6677 | D:6      | Killed Prince Ribbit
  7056 | D:6      | Noticed Grinder
  7087 | D:6      | Killed Grinder
  7088 | D:6      | Reached XP level 9. HP: 55/69 MP: 9/9
  7269 | D:6      | Found an ornate altar of the Wu Jian Council.
  7484 | D:6      | Noticed Menkaure
  7502 | D:6      | Killed from afar by Menkaure

Illustrated notes

Levels and vault maps discovered:
D:1:      beargit_arrival_greenhouse, layout_basic,
          shapermc_ecumenical_altar_mp_vishouse, minmay_misc_feat_doors,
          minmay_misc_feat_enclosed
D:2:      layout_loops_corners
D:3:      minmay_chambers_of_twos, layout_loops_cross
D:4:      layout_loops_ring, minitemple
D:5:      layout_basic, gup_sewer_entry_pipe, kennysheep_cluttered_room,
          kennysheep_path_1, grunt_ministairs_5, solitary_fountain,
          fountainhead, minmay_misc_feat_ornament, due_unseen_surprise
D:6:      layout_basic, riverfiend_overflow_shadow_ancestor,
          mainiacjoe_overflow_24_doors, uniq_grinder, uniq_duvessa,
          uniq_sigmund, uniq_menkaure, uniq_prince_ribbit1

Skill      XL: |  1  2  3  4  5  6  7  8  9 |
---------------+----------------------------+-----
Fighting       | 4 5 6 |  6.0
Armour         | 4 5 7 |  7.3
Shields        | 5 6 7 |  7.2
Polearms       | 3 4 |  4.8
Throwing       | 1 2 3 |  3.4
Evocations     | 2 |  2.7
Dodging        | 1 2 |  2.1

Action                   |  1- 3 |  4- 6 |  7- 9 || total
-------------------------+-------+-------+-------++-------
Melee: Trident           |    72 |   126 |   340 ||   538
Throw: Dart              |       |       |    24 ||    24
 Abil: Dig               |       |       |     1 ||     1
Armor: Scale mail        |    24 |    18 |       ||    42
       Plate armour      |       |    41 |   128 ||   169
Dodge: Dodged            |    18 |    31 |    61 ||   110
Block: Buckler           |     7 |       |       ||     7
       Kite shield       |       |       |    74 ||    74
